 Dungeon Crawl Stone Soup version 0.21-a0-142-gdd972a7 (webtiles) character file.

59 Dustbunny the Sneak (level 3, 0/16 HPs)
             Began as a Spriggan Enchanter on July 21, 2017.
             Slain by a kobold
             ... wielding a +2 short sword of draining
              (6 damage)
             ... on level 2 of the Dungeon.
             The game lasted 00:05:07 (2016 turns).

Dustbunny the Sneak (Spriggan Enchanter)            Turns: 2016, Time: 00:05:08

Health: 0/16       AC:  2    Str:  4    XL:     3   Next: 78%
Magic:  7/8        EV: 18    Int: 17    God:
Gold:   94         SH:  0    Dex: 16    Spells: 5/8 levels left

rFire    . . .     SeeInvis +   a - +1 dagger
rCold    . . .     Gourm    .   (shield restricted)
rNeg     . . .     Faith    .   b - +0 robe
rPois    .         Spirit   .   (helmet restricted)
rElec    .         Reflect  .   (no cloak)
rCorr    .         Harm     .   (gloves unavailable)
MR       .....                  (boots unavailable)
Stlth    +++.......             (no amulet)
HPRegen  0.05/turn              (no ring)
MPRegen  0.11/turn              (no ring)

@: drained, very quick
A: unfitting armour, see invisible, herbivore 3, speed 3, slow metabolism 2
a: no special abilities


You were on level 2 of the Dungeon.
You were hungry.

You visited 1 branch of the dungeon, and saw 2 of its levels.

You collected 94 gold pieces.

Inventory:

Hand Weapons
 a - a +1 dagger (weapon)
Armour
 b - a +0 robe (worn)
Scrolls
 h - a scroll of recharging
 k - a scroll of random uselessness {unknown}
Potions
 e - a potion of brilliance
 f - a potion of heal wounds {unknown}
 g - a potion of ambrosia {unknown}
 i - 3 potions of curing {unknown}
 j - a potion of agility {unknown}
Books
 c - a book of Maledictions

   Spells                             Type                      Level
   a - Corona                         Hexes                        1
   b - Ensorcelled Hibernation        Hexes/Ice                    2
   c - Confuse                        Hexes                        3
   d - Tukima's Dance                 Hexes                        3
   e - Dazzling Spray                 Conjuration/Hexes            3
Comestibles
 d - a bread ration


   Skills:
 + Level 0.1(0.0) Fighting
 + Level 1.5(0.8) Short Blades
 + Level 3.3(2.5) Dodging
 + Level 5.6(4.8) Stealth
 + Level 3.1(2.3) Spellcasting
 + Level 4.2(3.5) Hexes
 + Level 0.4(0.0) Ice Magic


You had 5 spell levels left.
You knew the following spells:

 Your Spells              Type           Power        Failure   Level  Hunger
a - Corona                Hex            ##.....      4%          1    #......
b - Ensorcelled Hibernat  Hex/Ice        #.....       14%         2    ##.....


Dungeon Overview and Level Annotations

Branches:
Dungeon (2/15)

Altars:
Elyvilon
Yredelemnul


Innate Abilities, Weirdness & Mutations

You are very small and have problems with some larger weapons.
You are too small for most types of armour.
You have supernaturally acute eyesight. (SInv)
You are a herbivore.
You cover ground extremely quickly.
You need consume almost no food.


Message History

The quokka is heavily wounded.
The quokka barely misses you.
You hit the quokka.
The quokka is almost dead.
The quokka closely misses you. The kobold misses you.
The quokka completely misses you.
You barely miss the quokka.
The quokka is almost dead.
The kobold barely misses you. The quokka barely misses you.
You hit the quokka but do no damage.
The quokka is almost dead.
The kobold misses you. The quokka completely misses you.
You closely miss the quokka.
The quokka is almost dead.
The kobold hits you with a short sword of draining.
You feel drained. The quokka closely misses you.
You hit the quokka.
You kill the quokka!
The kobold hits you with a short sword of draining.
You die...

####.......######.##
#..####.#...)...# ##..
#.....###...#
#######....[.###..####..
#........##### ##..†...#
.........# ######..
....<...># #######
.........# ##.....#
.......@.#### ##.......
..###.K.....####........
##.....#...##........
..........##...........
###.......#####........
#.......# #.......<
##.....## #........
#....... ##.......
#....... ##.....#


You could see a kobold.

Vanquished Creatures
  An adder (D:2)
  2 oozes
  2 worms
  A leopard gecko (D:1)
  7 bats
  2 giant cockroaches (D:1)
  7 goblins
  3 hobgoblins
  A quokka (D:2)
  4 kobolds
  3 rats
33 creatures vanquished.

Notes
Turn   | Place    | Note
-------+----------+-------------------------------------------
     0 | D:1      | Dustbunny the Spriggan Enchanter began the quest for the Orb.
     0 | D:1      | Reached XP level 1. HP: 9/9 MP: 5/5
   117 | D:1      | Reached XP level 2. HP: 12/13 MP: 4/6
   168 | D:1      | Learned a level 2 spell: Ensorcelled Hibernation
   193 | D:1      | Reached skill level 5 in Stealth
   825 | D:1      | Reached XP level 3. HP: 6/16 MP: 5/8
  1322 | D:2      | Found a white marble altar of Elyvilon.
  1939 | D:2      | Found a basalt altar of Yredelemnul.
  2016 | D:2      | Slain by a kobold

Vault maps used:
D:1:      evilmike_arrival_run_for_it
D:2:      kennysheep_ying_yang

Skill      XL: |  1  2 |
---------------+-------+-----
Stealth        | 5 |  5.6
Hexes          | 4 |  4.2
Spellcasting   | 3 |  3.1
Fighting       | |  0.1
Short Blades   | |  1.5
Dodging        | |  3.3
Ice Magic      | |  0.4

Action                   || total
-------------------------++-------
Melee: Dagger            ||    94
 Cast: Corona            ||     4
       Ensorcelled Hiber ||    27
  Use: Scroll            ||     5
 Stab: Sleeping          ||    18
Armor: Robe              ||    11
Dodge: Dodged            ||   117
